 Dungeon Crawl Stone Soup version 0.29-a0-920-g5d2155ec51 (webtiles) character file.

Game seed: 11856753547504387197

269 2tc the Grave Robber (level 6, -2/41 HPs)
             Began as a Demonspawn Necromancer on July 27, 2022.
             Slain by an orc warrior
             ... wielding a +0 hand axe
              (13 damage)
             ... on level 4 of the Dungeon.
             The game lasted 00:14:54 (4253 turns).

2tc the Grave Robber (Demonspawn Necromancer)       Turns: 4253, Time: 00:14:55

Health: -2/41      AC:  8    Str: 10    XL:     6   Next: 1%
Magic:  0/9        EV: 12    Int: 17    God:
Gold:   301        SH:  0    Dex: 13    Spells: 2/10 levels left

rFire   . . .      SeeInvis .   k - staff of death
rCold   . . .      Faith    .   (no shield)
rNeg    + . .      Spirit   .   a - +0 robe
rPois   .          Reflect  .   (no helmet)
rElec   .          Harm     .   e - +0 cloak
rCorr   .          Rampage  .   (no gloves)
Will    .....                   c - +1 pair of boots
Stlth   ++........              (no amulet)
HPRegen 0.13/turn               (no ring)
MPRegen 0.11/turn               (no ring)

@: hasted, very quick
A: molten scales 2, ignite blood 1, weakness stinger 1
a: no special abilities


You were on level 4 of the Dungeon.
You visited 1 branch of the dungeon, and saw 4 of its levels.

You collected 301 gold pieces.

Inventory:

Hand Weapons
 f - a +1 vorpal dagger
 h - a +0 spear
Armour
 a - a +0 robe (worn)
 c - a +1 pair of boots (worn)
 e - a +0 cloak (worn)
Magical Staves
 k - a staff of death (weapon)
Jewellery
 j - a ring of protection from fire
Wands
 o - a wand of iceblast (4)
Scrolls
 i - a scroll of enchant armour
 p - 2 scrolls of identify
Potions
 b - a potion of magic
 d - a potion of cancellation
 g - 4 potions of curing
 m - a potion of lignification {unknown}
 n - a potion of mutation {unknown}
 q - a potion of heal wounds {unknown}


   Skills:
 * Level 2.5 Staves
 - Level 1.7 Dodging
 - Level 1.7 Stealth
 - Level 2.5 Spellcasting
 - Level 7.0 Necromancy


You had 2 spell levels left.
You knew the following spells:

 Your Spells              Type           Power      Damage    Failure   Level
a - Necrotise             Necr           100%       1d9       1%          1
b - Vampiric Draining     Necr           38%        2d8       3%          3
c - Animate Dead          Necr           38%        N/A       11%         4

Your spell library contained the following spells:

 Spells                   Type           Power      Damage    Failure   Level
 Agony                    Necr           38%        N/A       28%         5


Dungeon Overview and Level Annotations

Branches:
Dungeon (4/15)
 Temple: D:4-7

Altars:
Ashenzari
Gozag

Annotations:
D:2 1 runed translucent door, Crazy Yiuf


Innate Abilities, Weirdness & Mutations

You are mostly covered in molten scales. (AC +3)
Your demonic aura sometimes causes spilled blood to erupt in flames.
You have a small tail.


Message History

You feel a surge of power!
The orc warrior writhes in agony.
An orc comes into view. It is wielding a +3 hand axe.
The orc shouts!
You hit the orc warrior.
The orc warrior is lightly wounded.
The orc warrior barely misses you.
You hit the orc warrior but do no damage.
You tail-slap the orc warrior, but do no damage.
The orc warrior is lightly wounded.
The orc warrior hits you with a +0 hand axe!
The orc warrior closely misses you.
Casting: Necrotise (safe; 1% risk of failure)
Confirm with . or Enter, or press ? or * to list all spells.
Aiming: Vampiric Draining (dangerous; 3% risk of failure)
Press: ? - help, Shift-Dir - straight line, f/p - orc warrior
Aim: an orc warrior, wielding a +0 hand axe and wearing a +0 plate armour (lightly wounded)
You feel a surge of power!
You draw life force from the orc warrior!
You feel life coursing into your body.
The orc warrior hits you with a +0 hand axe!
You hit the orc warrior.
The orc warrior is heavily wounded.
The orc warrior closely misses you.
The orc drinks a potion.
The orc seems to grow stronger.
Casting: Vampiric Draining (dangerous; 3% risk of failure)
Confirm with . or Enter, or press ? or * to list all spells.
Aiming: Vampiric Draining (dangerous; 3% risk of failure)
Press: ? - help, Shift-Dir - straight line, f/p - orc warrior
Aim: an orc warrior, wielding a +0 hand axe and wearing a +0 plate armour (heavily wounded)
You feel a surge of power!
You draw life force from the orc warrior!
You feel life coursing into your body.
The orc warrior hits you with a +0 hand axe!
* * * LOW HITPOINT WARNING * * *
Aiming: Iceblast
Press: ? - help, Shift-Dir - straight line, p - orc warrior
Okay, then.
You feel yourself speed up.
The orc warrior hits you with a +0 hand axe!
You die...

### ##### ..
######...##### #
......#.....# #
........###.# #
####.##.# #.# #
#).oo@.# #.#
#######.#....#.##.#
#.# ......o.#..#
#.##.# #.# .######
# #.##.# #.# .#
#.##.# #.#### .#
#.##.# #....# .#
#.##.# ####.# .#
#.# .. #.# .#
#.##.# #.#


You could see an orc warrior and an orc (strong).

Vanquished Creatures
  A bullfrog (D:4)
  An iguana (D:4)
  5 gnolls
  6 adders
  2 worms
  A dart slug (D:1)
  9 orcs
  3 endoplasms
  A giant cockroach (D:1)
  3 goblins
  6 hobgoblins
  7 kobolds
  3 quokkas
  8 ball pythons
  5 bats
  3 frilled lizards
  A rat (D:1)
65 creatures vanquished.

Vanquished Creatures (collateral kills)
  A dart slug (D:1)
  A giant cockroach (D:1)
2 creatures vanquished.

Grand Total: 67 creatures vanquished

Notes
Turn   | Place    | Note
-------+----------+-------------------------------------------
     0 | D:1      | 2tc the Demonspawn Necromancer began the quest for the Orb.
     0 | D:1      | Reached XP level 1. HP: 13/13 MP: 3/3
   279 | D:1      | Gained mutation: You are partially covered in molten
                  | scales. (AC +2) [demonic ancestry]
   279 | D:1      | Reached XP level 2. HP: 17/19 MP: 0/5
   346 | D:1      | Reached skill level 5 in Necromancy
   749 | D:1      | Gained mutation: You have a small tail. [demonic ancestry]
   749 | D:1      | Reached XP level 3. HP: 23/24 MP: 1/6
  1228 | D:2      | Learned a level 3 spell: Vampiric Draining
  1417 | D:2      | Identified a scroll of acquirement
  1417 | D:2      | Acquired a staff of death
  1600 | D:2      | Found a runed translucent door.
  1601 | D:2      | Noticed Crazy Yiuf
  1977 | D:2      | Reached skill level 6 in Necromancy
  2225 | D:3      | Gained mutation: Your demonic aura sometimes causes spilled
                  | blood to erupt in flames. [demonic ancestry]
  2225 | D:3      | Reached XP level 4. HP: 30/30 MP: 2/7
  2815 | D:3      | Found a broken altar of Ashenzari.
  2953 | D:3      | Gained mutation: You are mostly covered in molten scales.
                  | (AC +3) [demonic ancestry]
  2953 | D:3      | Reached XP level 5. HP: 35/35 MP: 2/8
  3234 | D:3      | Found an opulent altar of Gozag.
  3482 | D:3      | Learned a level 4 spell: Animate Dead
  3625 | D:4      | Noticed an orc warrior
  3833 | D:4      | Reached skill level 7 in Necromancy
  4208 | D:4      | Reached XP level 6. HP: 41/41 MP: 4/9
  4253 | D:4      | Slain by an orc warrior

Illustrated notes

Levels and vault maps discovered:
D:1:      dpeg_arrival_tiny_k, layout_loops_cross
D:2:      cheibrodos_helix_gallery, layout_basic, supply_closet_lemuel,
          uniq_crazy_yiuf_cottage
D:3:      layout_basic, grunt_temple_overflow_gold_and_silver,
          amcnicky_altar_gilded
D:4:      layout_loops_ring, lemuel_tele_altar, minmay_misc_feat_hallway

Skill      XL: |  1  2  3  4  5 |
---------------+----------------+-----
Necromancy     | 5 6 7 |  7.0
Staves         | 2 |  2.5
Dodging        | |  1.7
Stealth        | |  1.7
Spellcasting   | |  2.5

Action                   |  1- 3 |  4- 6 || total
-------------------------+-------+-------++-------
Melee: Unarmed           |     7 |       ||     7
       Dagger            |    15 |    13 ||    28
       Tailslap          |     1 |     3 ||     4
       Staff             |       |    20 ||    20
 Cast: Necrotise         |    58 |    64 ||   122
       Vampiric Draining |       |     3 ||     3
  Use: Scroll            |     7 |     5 ||    12
       Potion            |       |     1 ||     1
Armor: Robe              |     8 |    16 ||    24
Dodge: Dodged            |    18 |    33 ||    51

Table legend: (Time is in decaauts)
 A = Elapsed time spent in this place.
 B = Non-inter-level travel time spent in this place.
 C = Inter-level travel time spent in this place.
 D = Time resting spent in this place.
 E = Time spent auto-exploring this place.
 F = Levels seen in this place.
 G = Mean time per level.
                   A        B        C        D        E       F      G
               +--------+--------+--------+--------+--------+-----+--------+
         Total |   4256 |   4098 |    158 |    238 |   3299 |   4 | 1064.0 |
       Dungeon |   4256 |   4098 |    158 |    238 |   3299 |   4 | 1064.0 |
               +--------+--------+--------+--------+--------+-----+--------+

Top non-repeatable levels by time:
     D:2: 1281 daAuts
     D:3: 1254 daAuts
     D:1: 1126 daAuts
     D:4: 593 daAuts
